 Dungeon Sprint DCSS version 0.21-a0-91-ga5031da (webtiles) character file.

81111 Kidiri the Sorcerer (level 14, -8/90 HPs)
             Began as a Deep Elf Fire Elementalist on June 30, 2017.
             Was the Champion of Vehumet.
             Mangled by a flail of crushing (20 damage)
             ... in the Dungeon (Sprint III: "The Ten Rune Challenge").
             The game lasted 00:54:49 (8442 turns).

Kidiri the Sorcerer (Deep Elf Fire Elementalist)    Turns: 8442, Time: 00:54:50

Health: -8/90      AC: 12    Str:  6    XL:     14   Next: 29%
Magic:  0/41       EV: 25    Int: 29    God:    Vehumet [******]
Gold:   627        SH:  7    Dex: 23    Spells: 4/56 levels left

rFire    . . .     SeeInvis +   y - +11 dagger of Doom {elec, Dex+4}
rCold    + + .     Gourm    +   H - +1 buckler
rNeg     + + .     Faith    .   F - +1 leather armour of Iduorch {Str+2 Int+4}
rPois    +         Spirit   .   Y - +1 helmet {SInv}
rElec    .         Reflect  .   G - +2 ratskin cloak {+Rats rPois rN+ Str-1 Int-1 Dex+1}
rCorr    .         Harm     .   (no gloves)
MR       +....     NoTele   +   (no boots)
Stlth    ++........             m - amulet of the gourmand
HPRegen  0.25/turn              t - ring of Jisimm {rC+ Dex+3}
MPRegen  0.27/turn              K - ring of positive energy

@: berserk cooldown, slowed, studying 2 skills, very slow
A: talons 1, cold resistance 1, sense surroundings 1, shaggy fur 1
}: 2/10 runes: decaying, serpentine
a: Renounce Religion, Evoke Ratskin


You were in the Dungeon.
You worshipped Vehumet.
Vehumet was exalted by your worship.
You were very full.

You visited 1 branch You collected 2384 gold pieces.
You spent 1757 gold pieces at shops.

Inventory:

Hand Weapons
 y - the +11 dagger of Doom (weapon) {elec, Dex+4}
   (You bought it in a shop in the Dungeon)

   Occasionally, upon striking a foe, it will discharge some electrical energy
   and cause terrible harm.
   It affects your dexterity (+4).
 B - the +2 battleaxe of Cytagg {venom, rN+, unknown}
   (You found it in the Dungeon)

   It poisons the flesh of those it strikes.
   It protects you from negative energy.
Missiles
 u - 10 throwing nets (quivered)
Armour
 l - a +2 robe of resistance
 F - the +1 leather armour of Iduorch (worn) {Str+2 Int+4}
   (You found it in the Dungeon)

   It affects your strength (+2).
   It affects your intelligence (+4).
 G - the +2 ratskin cloak (worn) {+Rats rPois rN+ Str-1 Int-1 Dex+1}
   (You bought it in a shop in the Dungeon)

   It affects your strength (-1).
   It affects your intelligence (-1).
   It affects your dexterity (+1).
   It protects you from poison.
   It protects you from negative energy.
 H - a +1 buckler (worn)
 Y - a +1 helmet of see invisible (worn)
Jewellery
 m - an amulet of the gourmand (around neck)
 t - the ring of Jisimm (left hand) {rC+ Dex+3}
   (You found it in the Dungeon)

   [ring of protection from cold]

   It affects your dexterity (+3).
   It protects you from cold.
 z - an uncursed ring of protection from cold
 K - a ring of positive energy (right hand)
Wands
 s - a wand of acid (0/15)
 v - a wand of confusion (15/48)
 Z - a wand of lightning (10/15)
Scrolls
 f - a scroll of magic mapping
 j - 5 scrolls of remove curse
 k - 2 scrolls of torment
 p - 3 scrolls of immolation
 A - 3 scrolls of fog
 C - a scroll of fear
 D - 4 scrolls of amnesia
 I - a scroll of recharging
 N - 2 scrolls of silence {unknown}
Potions
 a - 3 potions of mutation
 b - 5 potions of might
 d - 2 potions of curing
 h - a potion of berserk rage
 o - 2 potions of brilliance
 r - 2 potions of flight
 w - a potion of cancellation
 x - a potion of lignification
Books
 E - a manual of Transmutations
 J - a manual of Evocations
Comestibles
 c - 2 bread rations
 i - 4 fruits
 n - 17 royal jellies
 q - 2 meat rations


   Skills:
 + Level 11.2 Fighting
 + Level 12.4 Short Blades
 + Level 11.2 Armour
 + Level 15.0 Dodging
 - Level 2.4 Stealth
 + Level 3.6 Shields
 - Level 3.1 Unarmed Combat
 * Level 21.9 Spellcasting
 + Level 14.0 Conjurations
 + Level 2.5 Transmutations
 + Level 14.4 Fire Magic
 + Level 11.1 Ice Magic
 + Level 11.7 Air Magic
 + Level 10.7 Earth Magic
 + Level 2.5 Evocations


You had 4 spell levels left.
You knew the following spells:

 Your Spells              Type           Power        Failure   Level  Hunger
a - Flame Tongue          Conj/Fire      #####        0%          1    None
b - Throw Flame           Conj/Fire      ######       0%          2    None
c - Conjure Flame         Conj/Fire      #######.     0%          3    None
d - Inner Flame           Hex/Fire       ######..     1%          3    None
e - Sticky Flame          Conj/Fire      #######.     1%          4    None
f - Fireball              Conj/Fire      #######...   1%          5    None
g - Bolt of Magma         Conj/Fire/Erth #######...   1%          5    None
h - Bolt of Fire          Conj/Fire      #######...   1%          6    None
i - Ignition              Fire           #######...   7%          8    #####..
j - Freezing Cloud        Conj/Ice/Air   #######...   1%          6    None
k - Airstrike             Air            #######...   1%          4    None
l - Lightning Bolt        Conj/Air       #######...   1%          5    None


Dungeon Overview and Level Annotations

Branches:
Dungeon (1/1)

Altars:
Cheibriados
Dithmenos
Elyvilon
Fedhas
Gozag
Hepliaklqana
Kikubaaqudgha
Makhleb
Nemelex Xobeh
Okawaru
Qazlal
Ru
Sif Muna
Trog
Uskayaw
Vehumet
Wu Jian
Xom
Yredelemnul
Zin
The Shining One
Beogh
Jiyva
Lugonu

Shops:
D (?=!(=}}[}![=:??[(%

Annotations:
D exclusions: door and 2 more exclusions


Innate Abilities, Weirdness & Mutations

You have sharp toenails.
Your flesh is cold resistant. (rC+)
You passively map a small area around you.
You are covered in fur. (AC +1)


Message History

Unknown command.
Casting: Lightning Bolt
Confirm with . or Enter, or press ? or * to list all spells.
Aiming: Sticky Flame
Press: ? - help, Shift-Dir - straight line, f/p - flail of crushing
Aim: a flail of crushing
Okay, then.
Unknown command.
Casting: Sticky Flame
Confirm with . or Enter, or press ? or * to list all spells.
The air bursts into flame!
The fireball engulfs the battleaxe of electrocution.
The battleaxe of electrocution resists.
The battleaxe of electrocution is lightly damaged.
The fireball engulfs the flail of crushing.
The flail of crushing resists.
The flail of crushing is lightly damaged.
The flail of crushing completely misses you.
The flail of crushing hits you!!
You die...

#####...#(..)).#..)..#+**#≈≈≈≈≈≈#
##......#♣..._.#...).#,,,*)≈≈≈≈≈#
##+#############'#####,,,***≈≈###
#...........###.....+,,,+,*,##.#
#............##.#############..'
###########..##.#[..........'..#
##...........##.#P......########
#...........###.#P))..###.∩⌠⌠∩.#
#..########## #@#.).###.#.∩⌠⌠∩.#
#...........###(#.###.§.#.∩∩∩∩.#
##...........##(#'#....§#.∩∩∩∩.#
##########..##.#(.....§#......#
##..)))......##.#.......###++###
#∩..).......###.........#.♣..♣.#
#∩.####################.#......#
#∩...........#*,*,*,*,#........#
##...........#*,...............#


You could see 2 dancing weapons.

Vanquished Creatures
  Rupert (D)
  A deep elf blademaster (D)
  Harold (D)
  Gastronok (D)
  4 azure jellies (D)
  A nagaraja (D)
  3 deep elf demonologists (D)
  A deep elf annihilator (D)
  2 dire elephants (D)
  A deep elf death mage (D)
  A yaktaur captain (D)
  A fire dragon (D)
  A deep elf high priest (D)
  2 hydras (D)
  Erolcha (D)
  A naga warrior (D)
  A centaur warrior (D)
  3 anacondas (D)
  A dancing weapon (D)
  4 death yaks (D)
  5 orc high priests (D)
  Urug (D)
  A deep elf knight (D)
  A spriggan druid (D)
  An orange crystal statue (D)
  3 death drakes (D)
  A lindwurm (D)
  Joseph (D)
  A spectral hydra (D)
  5 deep elf magi (D)
  2 orc sorcerers (D)
  2 elephants (D)
  3 black mambas (D)
  A guardian serpent (D)
  2 spiny frogs (D)
  A rime drake (D)
  A komodo dragon (D)
  2 yaktaurs (D)
  A queen bee (D)
  3 wandering mushrooms (D)
  4 spriggan defenders (D)
  2 tyrant leeches (D)
  A slime creature (shapeshifter) (D)
  8 blink frogs (D)
  A shadow (D)
  2 spriggans (D)
  5 redbacks (D)
  2 nagas (D)
  A spatial vortex (D)
  A water moccasin (D)
  A swamp drake (D)
  An orc warrior (D)
  A necrophage (D)
  3 black mamba simulacra (D)
  5 swamp dragon skeletons (D)
  5 two-headed ogres (D)
  A water elemental (D)
  A scorpion (D)
  32 killer bees (D)
  An electric eel (D)
  A jelly (D)
  2 orc priests (D)
  4 orc wizards (D)
  A wizard (D)
  Jessica (D)
  A necromancer (D)
  3 humans (D)
  A kobold demonologist (D)
  7 adders (D)
  2 oozes (D)
  8 orcs (D)
  A rat (D)
  11 plants (D)
191 creatures vanquished.

Vanquished Creatures (others)
  2 draconian scorchers (D)
  Nessos (D)
  A hydra (D)
  3 yaktaurs (D)
  6 hellions (D)
  14 plants (D)
27 creatures vanquished.

Grand Total: 218 creatures vanquished

Notes
Turn   | Place    | Note
-------+----------+-------------------------------------------
     0 | D        | Kidiri the Deep Elf Fire Elementalist began the quest for the Orb.
     0 | D        | Reached XP level 1. HP: 10/10 MP: 6/6
    51 | D        | Reached skill level 1 in Fighting
    51 | D        | Reached skill level 4 in Spellcasting
    51 | D        | Reached XP level 2. HP: 16/16 MP: 5/9
    55 | D        | Learned a level 2 spell: Throw Flame
    87 | D        | Killed a hellion
    88 | D        | Killed a hellion
    96 | D        | Killed a hellion
   109 | D        | Noticed Jessica
   114 | D        | Killed Jessica
   114 | D        | Reached skill level 1 in Armour
   114 | D        | Reached skill level 1 in Unarmed Combat
   114 | D        | Reached skill level 5 in Spellcasting
   114 | D        | Reached XP level 3. HP: 11/20 MP: 4/11
   115 | D        | Killed a yaktaur
   119 | D        | Learned a level 3 spell: Conjure Flame
   141 | D        | Learned a level 3 spell: Inner Flame
   143 | D        | Killed a white draconian scorcher
   183 | D        | Killed a white draconian scorcher
   185 | D        | Killed a hellion
   189 | D        | Killed a hellion
   190 | D        | Killed a hellion
   213 | D        | Killed a yaktaur
   356 | D        | Noticed a scorpion
   372 | D        | Killed a scorpion
   372 | D        | Reached skill level 6 in Spellcasting
   372 | D        | Reached XP level 4. HP: 27/27 MP: 0/14
   378 | D        | Learned a level 4 spell: Sticky Flame
   466 | D        | Gained mutation: Your flesh is cold resistant. (rC+) [potion of mutation]
   466 | D        | Gained mutation: You have sharp toenails. [potion of mutation]
   467 | D        | Lost mutation: You have sharp toenails. [potion of mutation]
   467 | D        | Gained mutation: You passively map a small area around you. [potion of mutation]
   467 | D        | Gained mutation: You are covered in fur. (AC +1) [potion of mutation]
   467 | D        | Gained mutation: You have sharp toenails. [potion of mutation]
   535 | D        | Noticed a water elemental
   539 | D        | Killed a water elemental
   539 | D        | Reached skill level 5 in Dodging
   539 | D        | Reached skill level 7 in Spellcasting
   539 | D        | Reached skill level 5 in Fire Magic
   539 | D        | Reached XP level 5. HP: 32/32 MP: 9/17
   547 | D        | Learned a level 5 spell: Fireball
   589 | D        | Found a radiant altar of Vehumet.
   590 | D        | Found a deep blue altar of Sif Muna.
   590 | D        | Found an ancient bone altar of Kikubaaqudgha.
   592 | D        | Reached skill level 8 in Spellcasting
   618 | D        | Became a worshipper of Vehumet
   712 | D        | Found a glowing silver altar of Zin.
   713 | D        | Found a glowing golden altar of the Shining One.
   713 | D        | Found a white marble altar of Elyvilon.
   713 | D        | Noticed a deep elf mage
   717 | D        | Noticed a chaos spawn
   718 | D        | Noticed a demonic crawler
   724 | D        | Killed a deep elf mage
   724 | D        | Reached skill level 10 in Spellcasting
   724 | D        | Reached XP level 6. HP: 20/39 MP: 13/21
   724 | D        | Reached XP level 7. HP: 22/44 MP: 14/23
   877 | D        | Found an ornate altar of the Wu Jian Council.
   877 | D        | Found a roughly hewn altar of Beogh.
   877 | D        | Found an iron altar of Okawaru.
   877 | D        | Found a bloodstained altar of Trog.
   877 | D        | Found a hide-covered altar of Uskayaw.
   877 | D        | Noticed a human
   879 | D        | Noticed a human
   880 | D        | Killed a human
   880 | D        | Reached skill level 11 in Spellcasting
   881 | D        | Killed a human
   881 | D        | Reached * piety under Vehumet
   881 | D        | Offered knowledge of Freeze by Vehumet.
   963 | D        | Found a basalt altar of Yredelemnul.
   963 | D        | Found a shadowy altar of Dithmenos.
   963 | D        | Found a sacrificial altar of Ru.
   969 | D        | Reached skill level 5 in Fighting
   969 | D        | Reached skill level 5 in Armour
   969 | D        | Reached XP level 8. HP: 25/49 MP: 18/25
  1122 | D        | Reached ** piety under Vehumet
  1122 | D        | Offered knowledge of Shock by Vehumet.
  1125 | D        | Learned a level 1 spell: Shock
  1166 | D        | Reached skill level 12 in Spellcasting
  1166 | D        | Reached skill level 1 in Air Magic
  1343 | D        | Found a blossoming altar of Fedhas.
  1343 | D        | Found a stormy altar of Qazlal.
  1344 | D        | Found a snail-covered altar of Cheibriados.
  1344 | D        | Found a burning altar of Makhleb.
  1344 | D        | Found a hazy altar of Hepliaklqana.
  1344 | D        | Found a shimmering altar of Xom.
  1344 | D        | Found an opulent altar of Gozag.
  1344 | D        | Found a sparkling altar of Nemelex Xobeh.
  1344 | D        | Found a corrupted altar of Lugonu.
  1344 | D        | Found a viscous altar of Jiyva.
  1440 | D        | Offered knowledge of Searing Ray by Vehumet.
  1454 | D        | Reached *** piety under Vehumet
  1454 | D        | Reached skill level 5 in Short Blades
  1559 | D        | Noticed a two-headed ogre
  1566 | D        | Killed a two-headed ogre
  1566 | D        | Offered knowledge of Dazzling Spray by Vehumet.
  1696 | D        | Noticed a two-headed ogre
  1696 | D        | Noticed Erolcha
  1703 | D        | Killed Erolcha
  1703 | D        | Reached skill level 13 in Spellcasting
  1703 | D        | Reached XP level 9. HP: 55/55 MP: 19/28
  1707 | D        | Killed a two-headed ogre
  1707 | D        | Reached **** piety under Vehumet
  1784 | D        | Offered knowledge of Airstrike by Vehumet.
  1784 | D        | Reached skill level 14 in Spellcasting
  1792 | D        | Learned a level 4 spell: Airstrike
  1991 | D        | Noticed a queen bee
  1992 | D        | Reached ***** piety under Vehumet
  1992 | D        | Offered knowledge of Bolt of Draining by Vehumet.
  2005 | D        | Reached skill level 5 in Air Magic
  2005 | D        | Reached skill level 10 in Dodging
  2005 | D        | Reached XP level 10. HP: 56/61 MP: 13/30
  2007 | D        | Reached ****** piety under Vehumet
  2030 | D        | Reached skill level 15 in Spellcasting
  2270 | D        | Offered knowledge of Freezing Cloud by Vehumet.
  2278 | D        | Learned a level 6 spell: Freezing Cloud
  2287 | D        | Reached skill level 10 in Fire Magic
  2289 | D        | Reached skill level 1 in Ice Magic
  2324 | D        | Noticed a spiny frog
  2324 | D        | Noticed a spiny frog
  2328 | D        | Killed a spiny frog
  2329 | D        | Killed a spiny frog
  2730 | D        | Noticed a lindwurm
  2738 | D        | Killed a lindwurm
  2738 | D        | Reached skill level 16 in Spellcasting
  2738 | D        | Reached skill level 10 in Conjurations
  2742 | D        | Offered knowledge of Bolt of Magma by Vehumet.
  2749 | D        | Learned a level 5 spell: Bolt of Magma
  2917 | D        | Noticed Urug
  2943 | D        | Reached XP level 11. HP: 68/68 MP: 25/33
  3014 | D        | Reached skill level 1 in Earth Magic
  3020 | D        | Offered knowledge of Lightning Bolt by Vehumet.
  3032 | D        | Learned a level 5 spell: Lightning Bolt
  3153 | D        | Noticed Rupert
  3161 | D        | Killed Rupert
  3161 | D        | Reached skill level 5 in Ice Magic
  3178 | D        | Noticed Gastronok
  3187 | D        | Noticed a dire elephant
  3189 | D        | Reached skill level 17 in Spellcasting
  3192 | D        | Killed Gastronok
  3194 | D        | Killed a dire elephant
  3202 | D        | Offered knowledge of Conjure Ball Lightning by Vehumet.
  3208 | D        | Noticed a dire elephant
  3225 | D        | Killed a dire elephant
  3225 | D        | Reached skill level 5 in Earth Magic
  3245 | D        | Noticed an azure jelly
  3245 | D        | Noticed an azure jelly
  3245 | D        | Noticed an azure jelly
  3245 | D        | Noticed an azure jelly
  3389 | D        | Noticed a death yak
  3390 | D        | Noticed a death yak
  3391 | D        | Noticed a death yak
  3394 | D        | Noticed a death yak
  3397 | D        | Killed a death yak
  3397 | D        | Reached XP level 12. HP: 58/75 MP: 11/35
  3397 | D        | Killed a death yak
  3397 | D        | Reached skill level 18 in Spellcasting
  3401 | D        | Killed a death yak
  3660 | D        | Killed a death yak
  3660 | D        | Offered knowledge of Bolt of Fire by Vehumet.
  3738 | D        | Learned a level 6 spell: Bolt of Fire
  3749 | D        | Reached skill level 10 in Short Blades
  4029 | D        | Found Ruthreh's Antique Weapon Shoppe.
  4029 | D        | Found Muluf's Magic Scroll Boutique.
  4208 | D        | Noticed a four-headed hydra
  4213 | D        | Offered knowledge of Iron Shot by Vehumet.
  4216 | D        | Killed a four-headed hydra
  4266 | D        | Got a decaying rune of Zot
  4308 | D        | Found Ojeiposk's Jewellery Emporium.
  4391 | D        | Killed Urug
  4616 | D        | Noticed a five-headed hydra
  4616 | D        | Noticed a five-headed hydra
  4619 | D        | Killed a five-headed hydra
  4621 | D        | Killed a five-headed hydra
  4621 | D        | Reached skill level 19 in Spellcasting
  4707 | D        | Found a blossoming altar of Fedhas.
  4763 | D        | Noticed an anaconda
  4765 | D        | Offered knowledge of Shatter by Vehumet.
  4765 | D        | Offered knowledge of Tornado by Vehumet.
  4765 | D        | Offered knowledge of Ignition by Vehumet.
  4766 | D        | Killed an anaconda
  4818 | D        | Noticed an anaconda
  4823 | D        | Killed an anaconda
  4951 | D        | Noticed an anaconda
  4955 | D        | Killed an anaconda
  5090 | D        | Noticed a naga warrior
  5090 | D        | Noticed a nagaraja
  5093 | D        | Found Oginiont's Distillery.
  5093 | D        | Found Iluittil's Antique Weapon Shoppe.
  5096 | D        | Reached XP level 13. HP: 81/81 MP: 24/38
  5096 | D        | Killed a nagaraja
  5097 | D        | Reached skill level 10 in Armour
  5097 | D        | Reached skill level 10 in Air Magic
  5146 | D        | Found Dist's Jewellery Boutique.
  5173 | D        | Got a serpentine rune of Zot
  5334 | D        | Reached skill level 10 in Fighting
  5334 | D        | Reached skill level 20 in Spellcasting
  5351 | D        | Found Cass's Gadget Emporium.
  5569 | D        | Bought a potion of curing for 36 gold pieces
  5569 | D        | Bought a potion of curing for 36 gold pieces
  5569 | D        | Bought a potion of curing for 36 gold pieces
  5569 | D        | Bought a potion of brilliance for 48 gold pieces
  5570 | D        | Bought a scorched dagger for 147 gold pieces
  5570 | D        | Identified the +11 dagger of Doom {elec, Dex+4} (You bought it in a shop in the Dungeon)
  5711 | D        | Bought a scroll of identify for 20 gold pieces
  5711 | D        | Bought a scroll of fog for 20 gold pieces
  5711 | D        | Bought a scroll of identify for 20 gold pieces
  5711 | D        | Bought a scroll of blinking for 75 gold pieces
  5711 | D        | Bought a scroll of fear for 35 gold pieces
  5711 | D        | Bought a scroll of identify for 20 gold pieces
  5711 | D        | Bought a scroll of enchant armour for 75 gold pieces
  5711 | D        | Bought a scroll of identify for 20 gold pieces
  5745 | D        | Killed Nessos
  5827 | D        | Killed an azure jelly
  5828 | D        | Killed an azure jelly
  5829 | D        | Killed an azure jelly
  5830 | D        | Killed an azure jelly
  6195 | D        | Got spiked pearl dragon scales
  6196 | D        | Identified the +8 pearl dragon scales of Apathy {rN+ Slay+3} (You found it in the Dungeon)
  6271 | D        | Reached skill level 10 in Ice Magic
  6287 | D        | Noticed a deep elf demonologist
  6289 | D        | Noticed a balrug
  6289 | D        | Noticed a deep elf demonologist
  6438 | D        | Learned a level 8 spell: Ignition
  6438 | D        | Noticed a deep elf demonologist
  6441 | D        | Noticed a deep elf annihilator
  6445 | D        | Noticed a deep elf blademaster
  6445 | D        | Killed a deep elf annihilator
  6446 | D        | Killed a deep elf demonologist
  6446 | D        | Reached skill level 1 in Shields
  6528 | D        | Noticed a deep elf death mage
  6586 | D        | Killed a deep elf demonologist
  6586 | D        | Reached skill level 21 in Spellcasting
  6587 | D        | Killed a deep elf death mage
  6590 | D        | Killed a deep elf blademaster
  6590 | D        | Reached skill level 10 in Earth Magic
  6783 | D        | Killed a deep elf demonologist
  6783 | D        | Reached XP level 14. HP: 87/87 MP: 12/41
  6967 | D        | Noticed Harold
  6967 | D        | Noticed Joseph
  6970 | D        | Killed Harold
  6971 | D        | Killed Joseph
  7270 | D        | Found Gaxuckis's Jewellery Emporium.
  7270 | D        | Found Byegg's Magic Scroll Shop.
  7270 | D        | Found Yhifraun's Distillery.
  7270 | D        | Found Wisoer's Food Shoppe.
  7270 | D        | Found Teit Haz's Antique Armour Boutique.
  7270 | D        | Found Jelyosk's Book Emporium.
  7270 | D        | Found Rimewin's Gadget Shoppe.
  7270 | D        | Found Ybuxkaan's Antique Weapon Shop.
  7270 | D        | Found Xichaub's Armour Shop.
  7270 | D        | Found Xuokh's Antique Armour Emporium.
  7270 | D        | Found Emok's Gadget Emporium.
  7270 | D        | Found Uham's Magic Scroll Boutique.
  7292 | D        | Bought a scroll of blinking for 97 gold pieces
  7292 | D        | Bought a scroll of amnesia for 45 gold pieces
  7292 | D        | Bought a scroll of amnesia for 45 gold pieces
  7299 | D        | Bought the +2 ratskin cloak {+Rats rPois rN+ Str-1 Int-1 Dex+1} for 583 gold pieces
  7300 | D        | Bought a scroll of fog for 28 gold pieces
  7300 | D        | Bought a scroll of blinking for 105 gold pieces
  7300 | D        | Bought a scroll of blinking for 105 gold pieces
  7300 | D        | Bought a scroll of fog for 28 gold pieces
  7300 | D        | Bought a scroll of recharging for 133 gold pieces
  7720 | D        | Got a translucent plate armour
  7740 | D        | Identified the Guide on Assistive Necromancy
  7740 | D        | Identified the Volume of Ethics
  7780 | D        | Got a serpentine wooden ring
  7781 | D        | Identified Acso Xai's Papyrus of Hexes and Cold
  7802 | D        | Identified the ring of Jisimm {rC+ Dex+3} (You found it in the Dungeon)
  7804 | D        | Identified the +5 plate armour "Mebbais" {rPois rF- Dex+4} (You took it off a deep elf blademaster in the Dungeon)
  8118 | D        | Reached skill level 15 in Dodging
  8118 | D        | Reached skill level 1 in Evocations
  8120 | D        | Reached skill level 1 in Transmutations
  8211 | D        | Got a polished battleaxe
  8224 | D        | Got a faintly glowing leather armour
  8235 | D        | Identified the +1 leather armour of Iduorch {Str+2 Int+4} (You found it in the Dungeon)
  8442 | D        | Mangled by a flail of crushing

Vault maps used:
D:        dungeon_sprint_mu

Skill      XL: |  1  2  3  4  5  6  7  8  9 10 11 12 13 14 |
---------------+-------------------------------------------+-----
Fighting       | 1 2 4 5 6 7 8 9 10 11 | 11.2
Spellcasting   | 4 5 6 7 10 11 13 14 16 17 19 21 | 21.9
Armour         | 1 2 4 5 6 7 8 9 10 11 | 11.2
Dodging        | 3 4 5 7 9 10 11 12 13 14 15 | 15.0
Unarmed Combat | 1 2 3 |  3.1
Conjurations   | 2 3 4 6 8 9 10 11 12 13 14 | 14.0
Fire Magic     | 4 5 6 7 8 9 10 11 12 14 | 14.4
Short Blades   | 3 4 6 8 9 10 12 | 12.4
Air Magic      | 3 5 6 8 9 11 | 11.7
Ice Magic      | 3 6 8 10 11 | 11.1
Earth Magic    | 5 7 10 | 10.7
Shields        | 2 3 |  3.6
Evocations     | 2 |  2.5
Transmutations | 2 |  2.5
Stealth        | |  2.4

Action                   |  1- 3 |  4- 6 |  7- 9 | 10-12 | 13-15 || total
-------------------------+-------+-------+-------+-------+-------++-------
Melee: Dagger            |       |     1 |       |    17 |    73 ||    91
       Kick              |       |       |       |     4 |    37 ||    41
       Punch             |       |       |       |     1 |       ||     1
 Cast: Flame Tongue      |    27 |     6 |    57 |    46 |     6 ||   142
       Conjure Flame     |     2 |     1 |     6 |     3 |       ||    12
       Sticky Flame      |       |     2 |     9 |    13 |     6 ||    30
       Fireball          |       |     2 |     2 |     9 |       ||    13
       Shock             |       |       |     6 |       |       ||     6
       Inner Flame       |       |       |     6 |     1 |       ||     7
       Throw Flame       |       |       |     1 |     2 |     1 ||     4
       Airstrike         |       |       |     3 |    17 |     1 ||    21
       Freezing Cloud    |       |       |       |    12 |     5 ||    17
       Bolt of Magma     |       |       |       |    16 |       ||    16
       Lightning Bolt    |       |       |       |    22 |    15 ||    37
       Bolt of Fire      |       |       |       |    14 |    42 ||    56
       Ignition          |       |       |       |       |    20 ||    20
Evoke: Wand              |       |       |       |     2 |       ||     2
  Use: Scroll            |       |     4 |       |     2 |    11 ||    17
       Potion            |       |     2 |       |     5 |     3 ||    10
 Stab: Sleeping          |       |     1 |       |     2 |       ||     3
  Eat: Chunk             |       |       |     3 |       |     6 ||     9
       Royal jelly       |       |       |     2 |     5 |     5 ||    12
       Fruit             |       |       |       |       |     9 ||     9
Armor: Robe              |       |     5 |     3 |     4 |     3 ||    15
       Leather armour    |       |       |       |       |     1 ||     1
Dodge: Dodged            |     1 |    12 |    25 |    84 |    54 ||   176
Block: Buckler           |       |       |       |       |    16 ||    16
